 Dungeon Crawl Stone Soup version 0.19-a0-1895-g783e625 (webtiles) character file.

9840 shinino the Basher (level 11, -4/69 HPs)
             Began as a Gargoyle Fighter on Oct 18, 2016.
             Was an Initiate of Gozag.
             Slain by an orc warrior
             ... wielding a +0 glaive
              (6 damage)
             ... on level 9 of the Dungeon.
             The game lasted 00:31:51 (11186 turns).

shinino the Basher (Gargoyle Fighter)              Turns: 11186, Time: 00:31:51

Health: -4/69      AC: 23    Str: 19    XL:     11   Next: 52%
Magic:  14/14      EV:  7    Int: 10    God:    Gozag
Gold:   877        SH:  9    Dex: 12    Spells: 0 memorised, 10 levels left

rFire  . . .     SeeInvis .     a - +0 flail
rCold  + . .     Gourm    .     f - +1 chain mail
rNeg   + . .     Faith    .     c - +0 shield
rPois  ∞         Spirit   .     l - +0 helmet
rElec  +         Reflect  .     (no cloak)
rCorr  .         Harm     .     y - +0 pair of gloves
MR     .....                    i - +0 pair of boots
Stlth  ..........               (no amulet)
                                B - ring of protection from cold
                                j - +2 ring of evasion

@: no status effects
A: negative energy resistance 1, electricity resistance, unbreathing, evolution
1, petrification resistance, rot immunity, AC +7
a: Potion Petition, Call Merchant, Bribe Branch, Renounce Religion


You were on level 9 of the Dungeon.
You worshipped Gozag.
Gozag was pleased with you.
You were not hungry.

You visited 1 branch of the dungeon, and saw 10 of its levels.

You collected 1968 gold pieces.
You paid 1091 gold pieces to Gozag.

Inventory:

Hand Weapons
 a - a +0 flail (weapon)
Missiles
 p - 5 curare-tipped needles
Armour
 c - a +0 shield (worn)
 f - a +1 chain mail (worn)
 i - a +0 pair of boots (worn)
 l - a +0 helmet (worn)
 y - a +0 pair of gloves (worn)
Jewellery
 j - a +2 ring of evasion (left hand)
 B - a ring of protection from cold (right hand)
Wands
 n - a wand of acid (5/15)
 t - a wand of paralysis (10/24)
 u - a wand of flame (19/48)
 v - a wand of flame (33/48)
 x - a wand of confusion (1/48)
 G - a wand of disintegration (13/24)
Scrolls
 d - 2 scrolls of teleportation
 e - 4 scrolls of remove curse
 h - 3 scrolls of recharging
 k - 3 scrolls of amnesia
 q - 2 scrolls of immolation {unknown}
 s - a scroll of enchant weapon {unknown}
 w - 2 scrolls of enchant armour
 A - a scroll of random uselessness {unknown}
 D - 2 scrolls of magic mapping {unknown}
Potions
 g - 2 potions of brilliance
 o - 2 potions of flight
Comestibles
 r - a meat ration
 z - 2 bread rations


   Skills:
 + Level 8.6 Fighting
 * Level 13.0 Maces & Flails
 + Level 8.7 Armour
 - Level 3.2 Shields
 + Level 5.3 Evocations


You had 10 spell levels left.
You didn't know any spells.

Dungeon Overview and Level Annotations

Branches:
Dungeon (10/15)            Temple (0/1) D:4
   Lair: D:8-11         Orc: D:9-12

Altars:
Dithmenos
Gozag
Hepliaklqana
Kikubaaqudgha
Nemelex Xobeh
Qazlal
Ru
Trog
Uskayaw
The Shining One

Shops:
D:8 =


Innate Abilities, Weirdness & Mutations

You are resistant to torment.
Your stone body is resilient. (AC +7)
You are immune to poison.
You resist negative energy. (rN+)
You are resistant to electric shocks. (rElec)
You can survive without breathing.
You are immune to petrification.
You are immune to rotting.
You evolve.


Message History

You climb upwards.
The orc warrior hits you with a glaive!
* * * LOW HITPOINT WARNING * * *
There is a stone staircase leading down here.
It was a potion of beneficial mutation.
You feel nature experimenting on you.
Don't worry, failures die fast.
You feel fantastic!
The hill giant hits you with a giant club!!
* * * LOW HITPOINT WARNING * * *
As you read the scroll of fog, it crumbles to dust.
The scroll dissolves into smoke.
The orc warrior barely misses you.
As you read the scroll labeled BEDWUAL NO HEMOSI, it crumbles to dust.
It is a scroll of enchant armour.
Your +0 chain mail glows green for a moment.
The hill giant barely misses you. The orc warrior barely misses you.
As you read the scroll labeled UCIENW XUSH, it crumbles to dust.
You hear a loud clanging noise!
It was a scroll of noise.
You block the hill giant's attack. The orc warrior hits you with a glaive.
You die...
Your body crumbles into a pile of gold.

###..#....#....#$#
....###.#...####.#
###..#..##.## #.#
##.......# #.#
##.#..### #.#
####.#...# #o#
....###..# #o#
####.#..## #o#
##.#.# #@# #.#.#
#C# #.#.# #§#
#.#.# #.# ###
#.#.## #.# ..#
#....## #.# #.#
#.....# #.#
#.####....######.#
.................#


You could see a hill giant and 2 orc warriors.

Vanquished Creatures
  Erica (D:8)
  A hill giant (D:7)
  A kobold demonologist (D:8)
  2 hippogriffs
  A spriggan (D:10)
  A wraith (D:10)
  12 yaks (D:9)
  3 hungry ghosts
  A water moccasin (D:7)
  9 orc warriors
  4 ice beasts
  2 sky beasts (D:7)
  4 ogres
  2 phantoms
  6 centaurs
  9 big kobolds
  2 bullfrogs
  A gnoll sergeant (D:10)
  A wyvern skeleton (D:8)
  5 scorpions
  7 killer bees
  3 howler monkeys
  4 jellies
  A bullfrog zombie (D:3)
  3 crimson imps
  A centaur zombie (D:5)
  3 orc priests
  5 hounds
  9 orc wizards
  3 centaur skeletons
  A gnoll shaman (D:5)
  7 worker ants
  3 iguanas
  A hound skeleton (D:4)
  A howler monkey zombie (D:5)
  2 worker ant zombies
  17 adders
  10 gnolls
  3 shadow imps
  An ooze (D:2)
  An adder skeleton (D:8)
  6 worms
  3 dart slugs
  5 leopard geckos
  41 orcs
  3 ball pythons
  7 giant cockroaches
  17 hobgoblins
  12 jackals
  2 quokkas
  11 bats
  4 frilled lizards
  13 goblins
  18 kobolds
  A quokka skeleton (D:5)
  9 rats
306 creatures vanquished.

Notes
Turn   | Place    | Note
-------+----------+-------------------------------------------
     0 | D:1      | shinino the Gargoyle Fighter began the quest for the Orb.
     0 | D:1      | Reached XP level 1. HP: 14/14 MP: 1/1
   140 | D:1      | Reached XP level 2. HP: 9/19 MP: 2/2
   530 | D:1      | Reached XP level 3. HP: 23/24 MP: 3/3
   584 | D:1      | Found a glowing golden altar of the Shining One.
  1050 | D:2      | Found an ancient bone altar of Kikubaaqudgha.
  1122 | D:2      | Reached XP level 4. HP: 28/30 MP: 4/4
  1261 | D:2      | Found a sparkling altar of Nemelex Xobeh.
  1264 | D:2      | Found a stormy altar of Qazlal.
  1267 | D:2      | Found a shadowy altar of Dithmenos.
  1432 | D:2      | Found an opulent altar of Gozag.
  1484 | D:2      | Reached skill level 5 in Fighting
  1488 | D:2      | Reached XP level 5. HP: 26/35 MP: 5/5
  1656 | D:2      | Reached skill level 5 in Armour
  2312 | D:3      | Reached skill level 3 in Maces & Flails
  2694 | D:3      | Reached XP level 6. HP: 38/40 MP: 6/6
  2932 | D:3      | Reached skill level 4 in Maces & Flails
  3122 | D:2      | Became a worshipper of Gozag Ym Sagoz the Greedy
  3212 | D:4      | Found a sacrificial altar of Ru.
  3323 | D:4      | Reached skill level 5 in Maces & Flails
  3323 | D:4      | Reached XP level 7. HP: 31/44 MP: 7/7
  3519 | D:4      | Found a staircase to the Ecumenical Temple.
  3546 | D:4      | Reached skill level 6 in Maces & Flails
  3601 | D:4      | Found a hide-covered altar of Uskayaw.
  3845 | D:5      | Entered Level 5 of the Dungeon
  4554 | D:5      | Reached skill level 7 in Maces & Flails
  4561 | D:5      | Reached XP level 8. HP: 31/49 MP: 8/8
  5079 | D:5      | Reached skill level 8 in Maces & Flails
  5299 | D:6      | Found a shadowy altar of Dithmenos.
  5303 | D:6      | Noticed a hippogriff
  5318 | D:6      | Killed a hippogriff
  5318 | D:6      | Reached skill level 9 in Maces & Flails
  6054 | D:7      | Reached skill level 10 in Maces & Flails
  6054 | D:7      | Reached XP level 9. HP: 24/54 MP: 9/9
  6328 | D:7      | Reached skill level 1 in Evocations
  6940 | D:7      | You fall through a shaft for 3 floors!
  6940 | D:10     | Entered Level 10 of the Dungeon
  7256 | D:10     | Reached skill level 11 in Maces & Flails
  7463 | D:10     | Noticed a komodo dragon
  7825 | D:8      | Reached XP level 10. HP: 50/61 MP: 12/12
  8045 | D:7      | Noticed a hill giant
  8077 | D:7      | Killed a hill giant
  8881 | D:8      | Found a hazy altar of Hepliaklqana.
  9027 | D:8      | Found Ezuru's Jewellery Boutique.
  9103 | D:8      | Noticed a kobold demonologist
  9113 | D:8      | Killed a kobold demonologist
  9113 | D:8      | Reached skill level 12 in Maces & Flails
  9366 | D:8      | Noticed Erica
  9407 | D:8      | Killed Erica
  9407 | D:8      | Reached XP level 11. HP: 15/68 MP: 14/14
 10227 | D:9      | Reached skill level 5 in Evocations
 10508 | D:9      | Found a bloodstained altar of Trog.
 10721 | D:9      | Reached skill level 13 in Maces & Flails
 11146 | D:10     | Noticed a hill giant
 11183 | D:9      | Gained mutation: You evolve. [potion of beneficial mutation]
 11183 | D:9      | HP: 1/69 [hill giant/giant club (21)]
 11186 | D:9      | Slain by an orc warrior

Vault maps used:
D:1:      minmay_arrival_three_doors, hangedman_decor_opposing, tso_altar
D:2:      cheibrodos_greedy_goblins, lemuel_doored_altar, minitemple,
          old_standard_altar
D:3:      first_bread
D:4:      overflow_temple_1_default, kennysheep_mini_moat
D:5:      kennysheep_generic_room_15
D:6:      basic_altar, kennysheep_generic_room_11
D:7:      minmay_opposing_rooms, hangedman_decor_clover_reticule
D:8:      special_room, serial_shops, nicolae_shop_waterfront, basic_altar,
          uniq_erica
D:9:      david_orc_5, enter_bailey_2, trog_hazing_becter
D:10:     dpeg_lair_monsters, basic_altar, the_bakery

Skill      XL: |  1  2  3  4  5  6  7  8  9 10 11 |
---------------+----------------------------------+-----
Armour         | 4 5 6 7 8 |  8.7
Fighting       | 4 5 6 7 8 |  8.6
Maces & Flails | 3 5 7 10 11 12 13 | 13.0
Evocations     | 2 4 5 |  5.3
Shields        | |  3.2

Action                   |  1- 3 |  4- 6 |  7- 9 | 10-12 || total
-------------------------+-------+-------+-------+-------++-------
Melee: Flail             |   146 |   379 |   495 |   732 ||  1752
Invok: Potion Petition   |       |       |     2 |     2 ||     4
Evoke: Wand              |       |       |     4 |    16 ||    20
  Use: Scroll            |       |     3 |     5 |     5 ||    13
       Potion            |       |     2 |     5 |     8 ||    15
 Stab: Distracted        |       |       |     2 |     4 ||     6
       Confused          |       |       |     1 |     8 ||     9
       Invisible         |       |       |       |     4 ||     4
  Eat: Bread ration      |     1 |     1 |     1 |     3 ||     6
       Beef jerky        |       |       |     2 |     2 ||     4
       Pizza             |       |       |     1 |       ||     1
       Fruit             |       |       |     5 |       ||     5
       Meat ration       |       |       |     1 |     1 ||     2
Armor: Scale mail        |   103 |       |       |       ||   103
       Chain mail        |     7 |   269 |   277 |   334 ||   887
Dodge: Dodged            |    54 |   104 |   136 |   183 ||   477
Block: Shield            |    91 |   228 |   235 |   253 ||   807
